Map: Ascension to Aiur LE

Players

ObiWan

  • Race: Terran Terran
  • League: Gold
  • Spawn Location: 5:00

Juxtapose - Winner!

  • Race: Protoss Protoss
  • League: Gold
  • Spawn Location: 11:00

VOD

https://youtu.be/pdEw2Jrwn5s

Description

I tried early aggression in this match, and I believe it would have worked if my opponent hadn't turned his Command Centre into a Planetary Fortress in his natural. That's extremely uncommon, and so I pulled back, started warping in Void Rays, and tried attacking/harassing his main.

Overall I simply started denying him expansions to try and bleed him try since he turtled well, and that worked out.

He also tried massing some Ravens, but of course that doesn't work like it used to.

Time

  • Played on: Nov. 19, 2017, 2:50 p.m.
  • Length: 25:01
Show
View Real Time Build Order
Export as new Build Order

ObiWan Terran 

Build Orders:  

Get SALT Encoding   

  12  0:39  Command Center  
  12  0:51  Supply Depot  
  12  0:55  SCV  
  13  1:11  Refinery  
  13  1:22  Barracks  
  13  1:30  SCV  
  14  1:42  SCV  
  16  1:54  SCV  
  16  1:58  SCV  
  17  2:06  SCV  
  18  2:12  Bunker  
  18  2:17  Barracks Tech Lab  
  18  2:27  Barracks  
  18  2:28  SCV  
  19  2:40  Marauder  
  21  2:44  Concussive Shells  
  21  2:54  Engineering Bay  
  21  2:58  SCV  
  21  3:00  SCV  
  23  3:10  Marauder  
  25  3:14  SCV  
  26  3:32  Missile Turret  
  26  3:38  Planetary Fortress  
  26  3:43  Missile Turret  
  26  3:47  SCV  
  27  3:53  Refinery  
  27  3:54  Missile Turret  
  27  4:02  Orbital Command  
  27  4:11  Marine x2  
  29  4:18  Supply Depot, SCV  
  30  4:25  Hi-Sec Auto Tracking  
  30  4:29  Marine x2  
  30  4:30  SCV  
  33  4:48  Factory, SCV  
  33  4:50  SCV  
  35  5:01  Supply Depot  
  35  5:02  SCV  
  38  5:14  Marauder, SCV  
  39  5:23  Factory  
  39  5:26  SCV  
  40  5:31  Factory Tech Lab  
  40  5:37  Starport, SCV  
  40  5:39  SCV  
  42  5:43  Stimpack  
  42  5:48  Refinery  
  42  5:51  Refinery, SCV  
  40  6:24  Supply Depot  
  40  6:27  Command Center  
  40  6:32  Starport Tech Lab  
  40  6:34  Siege Tank  
  40  6:37  SCV  
  44  6:46  Marine x2  
  46  6:49  Supply Depot, SCV  
  47  6:54  Building Armor  
  47  7:00  Widow Mine  
  49  7:04  Marine x2  
  51  7:28  Banshee  
  54  7:30  Cloaking Field  
  54  7:35  SCV  
  55  7:43  Starport  
  55  7:46  Armory  
  55  7:47  Starport, SCV x2  
  57  7:56  SCV  
  58  8:07  Sensor Tower, SCV  
  59  8:14  Refinery  
  59  8:19  SCV  
  60  8:22  Starport Tech Lab  
  60  8:28  Starport Tech Lab  
  60  8:31  SCV  
  61  8:34  Banshee  
  61  8:35  Armory, Terran Infantry Weapons Level 1  
  61  8:38  Terran Vehicle Weapons Level 1  
  61  8:40  Refinery  
  64  8:43  SCV  
  65  8:49  Missile Turret  
  65  8:51  Marine  
  65  8:54  Siege Tank  
  69  8:56  Marine  
  65  9:09  Marine  
  57  9:13  Marine  
  55  9:31  Marine  
  54  9:39  Banshee  
  54  9:40  Banshee x2  
  63  9:46  Bunker  
  63  9:47  SCV  
  63  9:49  Marine  
  63  9:50  SCV  
  66  9:59  SCV  
  67  10:02  SCV  
  65  10:07  Marine  
  65  10:11  SCV  
  67  10:14  SCV  
  67  10:23  SCV  
  67  10:26  Terran Ship Weapons Level 1, SCV  
  67  10:27  Missile Turret  
  69  10:34  Supply Depot  
  69  10:37  Barracks Reactor  
  69  10:50  Supply Depot  
  69  10:55  Banshee x2, Terran Infantry Weapons Level 2, SCV  
  76  10:57  Supply Depot  
  76  11:02  Marine  
  77  11:14  Supply Depot  
  77  11:19  Marine  
  77  11:20  Supply Depot  
  78  11:36  Missile Turret x2  
  78  11:37  Missile Turret, Marine  
  78  11:39  Missile Turret  
  78  11:55  Marine  
  79  12:13  Marine  
  68  12:30  Barracks  
  68  12:31  Barracks  
  68  12:32  Command Center, Barracks  
  68  12:33  Viking x2  
  68  12:34  Viking  
  76  12:37  Marauder, Marine  
  76  12:38  Marine  
  78  12:52  SCV  
  78  12:55  Marine  
  82  12:58  Marauder  
  82  13:01  Orbital Command  
  82  13:03  Viking x2  
  82  13:04  Viking  
  88  13:11  Terran Infantry Armor Level 1  
  88  13:17  Terran Ship Weapons Level 2  
  90  13:20  Marauder, Terran Vehicle And Ship Armor Level 1  
  82  13:33  Viking x3  
  88  13:41  Marauder  
  88  13:51  Command Center  
  88  14:00  Missile Turret x2  
  85  14:03  Marauder, Viking x3  
  86  14:19  Marine x2  
  86  14:23  Marine  
  81  14:33  Medivac x3  
  81  14:37  Marine x2  
  87  14:41  Marine  
  88  14:47  Factory Tech Lab  
  88  14:52  Marine x3  
  91  14:54  Marine  
  91  14:55  SCV, Marine  
  94  15:01  Planetary Fortress  
  94  15:03  Medivac  
  96  15:07  SCV  
  96  15:09  Marine  
  96  15:10  Banshee, Marine x2  
  96  15:11  Banshee  
  96  15:12  Marauder  
  96  15:13  Marine x2  
  110  15:19  SCV  
  111  15:27  Marine  
  111  15:28  Marine x2  
  114  15:31  SCV, Marine  
  114  15:33  Banshee  
  114  15:34  Marauder  
  121  15:43  SCV  
  121  15:45  Marine x3  
  125  15:53  Banshee  
  125  15:55  Marauder  
  130  16:03  Marine x3  
  133  16:15  Banshee  
  133  16:16  Banshee  
  138  16:47  Marauder  
  138  17:01  SCV  
  139  17:08  Supply Depot  
  139  17:13  Banshee  
  139  17:14  Raven  
  130  17:31  Supply Depot  
  100  17:45  Marine x6  
  106  17:54  Supply Depot  
  106  18:03  Marine x6  
  112  18:16  Supply Depot  
  112  18:19  SCV  
  111  18:20  Marine  
  111  18:21  Marine x5  
  117  18:29  Barracks  
  117  18:31  SCV  
  117  18:32  Terran Infantry Weapons Level 3  
  118  18:38  Marine  
  118  18:39  Marine x5  
  118  18:40  Barracks  
  124  18:43  SCV  
  124  18:45  Supply Depot  
  124  18:46  Supply Depot  
  125  18:50  Supply Depot  
  125  18:55  SCV  
  125  18:57  Marine x4  
  125  18:59  Starport x2  
  130  19:08  SCV  
  132  19:12  Missile Turret  
  132  19:13  Missile Turret  
  132  19:14  Marine x2  
  132  19:15  Missile Turret, Marine  
  134  19:20  SCV  
  133  19:32  Missile Turret, SCV  
  125  19:59  Command Center  
  106  20:00  Orbital Command  
  106  20:03  Missile Turret  
  106  20:04  Refinery, Missile Turret  
  106  20:05  Missile Turret x2  
  106  20:06  Refinery, Missile Turret  
  106  20:07  Missile Turret  
  106  20:08  Raven x3, Missile Turret  
  106  20:10  Thor  
  118  20:16  Marine  
  118  20:18  Marine x2  
  121  20:25  Missile Turret  
  121  20:28  Missile Turret  
  121  20:34  Marine  
  120  20:36  Marine x2  
  79  20:50  Raven  
  79  20:52  Marine  
  79  20:53  Marine  
  79  20:54  Marine  
  63  21:09  Terran Infantry Armor Level 2  
  63  21:10  Marine  
  60  21:11  Marine  
  60  21:12  Marine  
  62  21:27  Marine  
  62  21:30  Command Center  
  63  22:29  Refinery x2  
  63  22:54  Missile Turret  
  58  23:15  Planetary Fortress  
  58  23:35  Banshee x3  
  58  23:36  Starport Tech Lab  
  67  23:49  Missile Turret  
  67  23:59  Widow Mine  
  67  24:10  Missile Turret  
  57  24:18  Raven  
  54  24:27  Widow Mine  
Show
View Real Time Build Order
Export as new Build Order

Juxtapose Protoss - Winner!

Build Orders:  

Get SALT Encoding   

  12  0:01  Probe  
  13  0:13  Probe (Chrono Boost)  
  14  0:19  Pylon  
  14  0:25  Probe (Chrono Boost)  
  15  0:37  Probe  
  15  0:39  Gateway  
  16  0:49  Probe  
  17  0:51  Assimilator  
  17  1:01  Probe (Chrono Boost)  
  17  1:03  Pylon  
  18  1:13  Probe (Chrono Boost)  
  20  1:19  Probe (Chrono Boost)  
  20  1:28  Probe  
  21  1:34  Cybernetics Core  
  21  1:39  Pylon  
  21  1:40  Probe  
  21  1:41  Assimilator  
  22  1:52  Probe  
  23  1:58  Zealot (Chrono Boost)  
  25  2:04  Probe  
  26  2:09  Forge  
  26  2:13  Warp Gate  
  26  2:22  Pylon  
  26  2:27  Sentry (Chrono Boost)  
  28  2:31  Gateway  
  28  2:35  Pylon  
  28  2:45  Protoss Ground Weapons Level 1  
  28  2:52  Shield Battery  
  28  2:53  Adept  
  30  3:05  Gateway  
  30  3:23  Adept (Chrono Boost)  
  34  3:30  Adept (Chrono Boost)  
  34  3:41  Robotics Facility  
  34  3:46  Adept  
  36  3:50  Adept  
  38  3:58  Pylon  
  38  4:02  Twilight Council  
  38  4:30  Stalker x3  
  48  4:38  Immortal (Chrono Boost)  
  48  5:07  Immortal  
  52  5:19  Nexus  
  52  5:45  Probe, Pylon  
  52  5:47  Pylon  
  51  6:18  Probe  
  51  6:21  Immortal  
  56  6:28  Stargate  
  56  6:30  Probe  
  57  6:43  Probe x2  
  59  6:55  Probe  
  59  6:58  Probe, Pylon  
  59  7:00  Immortal  
  65  7:01  Assimilator  
  65  7:02  Stalker  
  65  7:07  Probe  
  68  7:10  Probe  
  69  7:20  Probe (Chrono Boost)  
  70  7:26  Void Ray (Chrono Boost)  
  75  7:30  Probe (Chrono Boost)  
  76  7:39  Warp Prism  
  76  7:41  Probe (Chrono Boost)  
  76  7:44  Probe  
  79  7:56  Probe  
  80  7:59  Assimilator  
  80  8:02  Void Ray (Chrono Boost)  
  84  8:08  Probe  
  85  8:20  Probe  
  86  8:36  Void Ray (Chrono Boost)  
  90  8:49  Stalker  
  90  8:50  Stalker x2  
  64  9:25  Stalker x2  
  64  9:26  Stalker  
  64  9:29  Immortal  
  70  9:32  Void Ray  
  74  10:05  Void Ray  
  72  10:07  Nexus  
  72  10:08  Immortal (Chrono Boost)  
  72  10:09  Pylon  
  72  10:10  Pylon  
  72  10:20  Blink  
  72  10:23  Stalker x3  
  78  10:37  Void Ray  
  86  10:54  Immortal (Chrono Boost)  
  86  10:59  Protoss Ground Armor Level 1  
  86  11:17  Void Ray  
  86  11:24  Observer  
  87  11:45  Immortal (Chrono Boost)  
  87  11:53  Probe  
  82  11:57  Stalker  
  82  11:58  Stalker x2  
  82  11:59  Void Ray (Chrono Boost)  
  84  12:05  Probe  
  84  12:06  Warp Prism (Chrono Boost)  
  81  12:17  Probe  
  82  12:25  Pylon  
  82  12:35  Stalker x3  
  82  12:36  Void Ray (Chrono Boost)  
  92  12:46  Probe x2  
  92  12:47  Probe  
  92  12:48  Photon Cannon  
  95  12:52  Photon Cannon  
  95  12:58  Probe  
  96  13:08  Immortal  
  100  13:14  Void Ray  
  100  13:15  Stalker x3  
  106  13:47  Immortal  
  98  14:08  Stalker x3  
  94  14:26  Immortal  
  87  14:31  Void Ray (Chrono Boost)  
  87  14:39  Stalker x3  
  91  14:45  Resonating Glaives  
  91  14:56  Assimilator  
  91  15:00  Assimilator  
  99  15:08  Robotics Facility  
  99  15:27  Stalker  
  101  15:28  Stalker  
  101  15:29  Stalker  
  101  15:35  Pylon  
  101  15:38  Photon Cannon  
  101  15:40  Photon Cannon  
  99  15:46  Protoss Ground Weapons Level 2  
  99  15:52  Void Ray  
  99  16:01  Immortal  
  99  16:07  Pylon  
  99  16:10  Pylon  
  99  16:11  Photon Cannon  
  99  16:14  Pylon  
  99  16:24  Pylon  
  99  16:30  Pylon  
  99  16:34  Pylon  
  99  16:35  Observer  
  99  16:38  Pylon  
  99  16:41  Pylon  
  99  16:42  Void Ray  
  99  16:43  Pylon  
  99  16:46  Pylon  
  107  16:50  Pylon  
  105  16:58  Observer  
  100  17:07  Stalker  
  100  17:08  Stalker x2  
  100  17:19  Immortal  
  104  17:25  Void Ray  
  102  17:49  Nexus  
  106  17:51  Immortal  
  110  17:58  Immortal  
  110  18:07  Stalker x2  
  110  18:08  Void Ray  
  118  18:35  Photon Cannon  
  118  18:43  Pylon  
  118  18:45  Photon Cannon  
  118  19:00  Immortal  
  120  19:25  Pylon  
  120  19:27  Pylon  
  120  19:38  Nexus  
  120  19:43  Stalker x3  
  126  20:20  Immortal x2  
  134  20:21  Stalker  
  134  20:22  Stalker x2  
  102  21:00  Observer x2 (Chrono Boost)  
  102  21:02  Void Ray (Chrono Boost)  
  103  21:11  Observer  
  103  21:23  Pylon  
  101  21:25  Stalker x2  
  101  21:26  Stalker, Pylon  
  101  21:28  Pylon  
  103  21:35  Void Ray  
  103  21:36  Immortal  
  103  21:37  Immortal  
  111  21:44  Photon Cannon  
  111  21:51  Stalker  
  111  22:13  Stalker  
  111  22:14  Stalker x2  
  117  22:18  Void Ray  
  117  22:19  Pylon  
  121  22:30  Nexus  
  121  22:39  Photon Cannon  
  119  23:21  Immortal  
  119  23:27  Void Ray (Chrono Boost)  
  119  23:31  Pylon  
  119  23:34  Assimilator  
  127  23:35  Assimilator  
  127  23:55  Pylon  
  127  24:01  Void Ray (Chrono Boost)  
  127  24:02  Pylon  
  131  24:05  Pylon  
  131  24:08  Pylon  
  126  24:19  Stalker x3  
  132  24:36  Assimilator  
  132  24:41  Assimilator  
  132  24:44  Photon Cannon  
Tags
 
Add a new tag
Caveats
  • Supply blocks, unpowered buildings, or Contaminate may cause inaccurate times.
  • Supply counts are checked every 10 seconds.